 Seeded DCSS version 0.24.0-41-g2ae2f7f1be (console) character file.

Game seed: 93891015573, levelgen mode: deterministic

1596651 Kagalorn the Conqueror (level 27, 256/256 HPs)
             Began as a Human Hunter on Dec 11, 2019.
             Was the Champion of Okawaru.
             Escaped with the Orb
             ... and 3 runes on Dec 12, 2019!
             The game lasted 05:11:02 (84042 turns).

Kagalorn the Conqueror (Human Hunter)              Turns: 84042, Time: 05:11:02

Health: 256/256    AC: 54    Str: 22    XL:     27
Magic:  39/39      EV: 13    Int: 11    God:    Okawaru [******]
Gold:   5728       SH: 20    Dex: 24    Spells: 26/26 levels left

rFire    + + .     SeeInvis +   a - +12 broad axe {flame, rElec MP+9 Int+2}
rCold    + . .     Gourm    .   W - +5 shield {reflect}
rNeg     . . .     Faith    .   Y - +12 gold dragon scales
rPois    +         Spirit   .   p - +2 hat {MR+}
rElec    +         Reflect  +   y - +2 cloak {+Inv}
rCorr    +         Harm     .   m - +1 pair of gloves {archery}
MR       +++..                  N - +2 pair of boots {run}
Stlth    ..........             g - amulet of regeneration
HPRegen  0.92/turn              b - ring of Fupp {rF+ rCorr SInv}
MPRegen  0.26/turn              O - ring "Qiuf" {+Fly Int-3 Dex+5 Slay+5}

@: quick
A: icy blue scales 1, iridescent scales 1, rugged brown scales 1, agile 1,
blurry vision 1, poison resistance
0: Orb of Zot
}: 3/15 runes: serpentine, barnacled, silver
a: Heroism, Finesse, Renounce Religion, Evoke Invisibility, Evoke Flight


You escaped.
You worshipped Okawaru.
Okawaru was exalted by your worship.
You were not hungry.

You visited 10 branches of the dungeon, and saw 50 of its levels.
You visited 1 bazaar.
You also visited: Trove and Ice Cave.

You collected 7633 gold pieces.
You spent 1905 gold pieces at shops.

Inventory:

Hand Weapons
 a - the +12 broad axe "Waufylau" (weapon) {flame, rElec MP+9 Int+2}
   (Okawaru gifted it to you on level 15 of the Dungeon)

   It has been specially enchanted to burn those struck by it, causing extra
   injury to most foes and up to half again as much damage against particularly
   susceptible opponents.
   Big, fiery blades are also staple armaments of hydra-hunters.
   It affects your intelligence (+2).
   It insulates you from electricity.
   It affects your magic capacity (+9).
Missiles
 c - 47 javelins
 d - 8 throwing nets
 K - 56 silver javelins (quivered)
Armour
 m - a +1 pair of gloves of archery (worn)
 p - a +2 hat of magic resistance (worn)
 y - a +2 cloak of invisibility (worn)
 N - a +2 pair of boots of running (worn)
 W - a +5 shield of reflection (worn)
 Y - +12 gold dragon scales (worn)
Jewellery
 b - the ring of Fupp (left hand) {rF+ rCorr SInv}
   (You found it in a treasure trove)

   [ring of resist corrosion]

   It protects you from fire.
   It lets you see invisible.
   It provides partial protection from all sources of acid and corrosion.
 g - an amulet of regeneration (around neck)
 h - the ring of Feajy {Fire Int+4 Dex+2 Stlth-}
   (You found it in a treasure trove)

   [ring of fire]

   It enhances your fire magic.
   It affects your intelligence (+4).
   It affects your dexterity (+2).
   It protects you from fire.
   It makes you vulnerable to cold.
   It makes you less stealthy.
 E - the ring of Wielij {rF+ SInv}
   (You found it on level 5 of the Dungeon)

   [ring of protection from fire]

   It protects you from fire.
   It lets you see invisible.
 O - the ring "Qiuf" (right hand) {+Fly Int-3 Dex+5 Slay+5}
   (You found it on level 4 of the Depths)

   [ring of flight]

   It affects your intelligence (-3).
   It affects your dexterity (+5).
   It affects your accuracy and damage with ranged weapons and melee attacks
   (+5).
   It lets you fly.
 R - the ring of Divine Intervention {MR+ Int+3 Stlth+}
   (You found it on level 3 of the Elven Halls)

   [ring of protection from magic]

   It affects your intelligence (+3).
   It affects your resistance to hostile enchantments.
   It makes you more stealthy.
 S - the ring of Bujizot {+Fly rC++ Str+7 Int-5}
   (You acquired it on level 3 of the Lair of Beasts)

   [ring of flight]

   It affects your strength (+7).
   It affects your intelligence (-5).
   It greatly protects you from cold.
   It lets you fly.
Wands
 v - a wand of paralysis (41)
 z - a wand of iceblast (31)
 F - a wand of acid (15)
 L - a wand of digging (10)
 X - a wand of clouds (6)
Scrolls
 e - 4 scrolls of summoning
 k - 22 scrolls of teleportation
 l - 33 scrolls of remove curse
 n - 4 scrolls of fear
 q - 2 scrolls of enchant weapon
 r - 4 scrolls of magic mapping
 t - a scroll of identify
 w - 7 scrolls of blinking
 D - 9 scrolls of fog
 Q - 2 scrolls of silence
Potions
 i - 7 potions of haste
 j - 13 potions of flight
 s - 4 potions of berserk rage
 A - 10 potions of agility
 B - 21 potions of curing
 C - 4 potions of magic
 G - 3 potions of mutation
 H - 3 potions of ambrosia
 I - 10 potions of brilliance
 J - 8 potions of lignification
 M - 3 potions of invisibility
 P - 6 potions of might
 T - 6 potions of cancellation
 V - 2 potions of heal wounds
Miscellaneous
 o - a box of beasts
 Z - 2 phantom mirrors
Comestibles
 f - 51 rations


   Skills:
 O Level 27 Fighting
 - Level 17.9(20.0) Axes
   Level 16.0(19.1) Maces & Flails
 - Level 16.0 Throwing
 + Level 23.4 Armour
 - Level 10.0 Dodging
 - Level 1.0 Stealth
 - Level 15.0 Shields
 - Level 8.0 Invocations
 - Level 10.0 Evocations


You had 26 spell levels left.
You didn't know any spells.
Your spell library contained the following spells:

 Spells                   Type           Power        Failure   Level  Hunger
 Apportation              Tloc           #.....       99%         1    ##.....
 Beastly Appendage        Tmut           #.....       99%         1    ##.....
 Confusing Touch          Hex            #.....       99%         1    ##.....
 Corona                   Hex            #......      99%         1    ##.....
 Flame Tongue             Conj/Fire      #....        99%         1    ##.....
 Magic Dart               Conj           #...         99%         1    ##.....
 Sandblast                Erth           #.....       99%         1    ##.....
 Shock                    Conj/Air       #...         99%         1    ##.....
 Sting                    Conj/Pois      #...         99%         1    ##.....
 Summon Butterflies       Summ           #.......     99%         1    ##.....
 Summon Small Mammal      Summ           #...         99%         1    ##.....
 Blink                    Tloc           N/A          100%        2    ###....
 Call Imp                 Summ           #.......     100%        2    ###....
 Ensorcelled Hibernation  Hex/Ice        #.....       100%        2    ###....
 Passwall                 Tmut/Erth      #.......     100%        2    ###....
 Poisonous Vapours        Pois/Air       #.....       100%        2    ###....
 Searing Ray              Conj           #.....       100%        2    ###....
 Shroud of Golubria       Chrm/Tloc      #.....       100%        2    ###....
 Slow                     Hex            #.......     100%        2    ###....
 Song of Slaying          Chrm           #.......     100%        2    ###....
 Sticks to Snakes         Tmut           #.......     100%        2    ###....
 Sublimation of Blood     Necr           #.........   100%        2    ###....
 Swiftness                Chrm/Air       #.......     100%        2    ###....
 Call Canine Familiar     Summ           #.......     100%        3    ####...
 Confuse                  Hex            #.......     100%        3    ####...
 Conjure Flame            Conj/Fire      #.......     100%        3    ####...
 Dazzling Spray           Conj/Hex       #.....       100%        3    ####...
 Gell's Gravitas          Tloc           #.........   100%        3    ####...
 Ignite Poison            Fire/Tmut/Pois #.......     100%        3    ####...
 Inner Flame              Hex/Fire       #.......     100%        3    ####...
 Lesser Beckoning         Tloc           #.........   100%        3    ####...
 Mephitic Cloud           Conj/Pois/Air  #.......     100%        3    ####...
 Portal Projectile        Hex/Tloc       #.....       100%        3    ####...
 Recall                   Summ/Tloc      N/A          100%        3    ####...
 Regeneration             Chrm/Necr      #.........   100%        3    ####...
 Spider Form              Tmut/Pois      #.........   100%        3    ####...
 Static Discharge         Conj/Air       #.......     100%        3    ####...
 Stone Arrow              Conj/Erth      #.....       100%        3    ####...
 Summon Guardian Golem    Hex/Summ       #.......     100%        3    ####...
 Teleport Other           Tloc           #.......     100%        3    ####...
 Tukima's Dance           Hex            #.......     100%        3    ####...
 Airstrike                Air            #.........   100%        4    #####..
 Cause Fear               Hex            #.........   100%        4    #####..
 Force Lance              Conj/Tloc      #.......     100%        4    #####..
 Fulminant Prism          Conj/Hex       #.........   100%        4    #####..
 Ice Form                 Ice/Tmut       #.......     100%        4    #####..
 Iskenderun's Mystic Bla  Conj           #.......     100%        4    #####..
 Leda's Liquefaction      Hex/Erth       #.........   100%        4    #####..
 Olgreb's Toxic Radiance  Pois           #.......     100%        4    #####..
 Petrify                  Tmut/Erth      #.......     100%        4    #####..
 Summon Ice Beast         Ice/Summ       #.......     100%        4    #####..
 Summon Lightning Spire   Summ/Air       #.......     100%        4    #####..
 Alistair's Intoxication  Tmut/Pois      #.......     100%        5    ######.
 Aura of Abjuration       Summ           #.........   100%        5    ######.
 Blade Hands              Tmut           #.........   100%        5    ######.
 Bolt of Magma            Conj/Fire/Erth #.........   100%        5    ######.
 Dispel Undead            Necr           #.......     100%        5    ######.
 Excruciating Wounds      Chrm/Necr      #.........   100%        5    ######.
 Irradiate                Conj/Tmut      #.........   100%        5    ######.
 Iskenderun's Battlesphe  Conj/Chrm      #.......     100%        5    ######.
 Lee's Rapid Deconstruct  Erth           #.........   100%        5    ######.
 Lightning Bolt           Conj/Air       #.........   100%        5    ######.
 Metabolic Englaciation   Hex/Ice        #.........   100%        5    ######.
 Summon Demon             Summ           #.........   100%        5    ######.
 Summon Forest            Summ/Tloc      #.........   100%        5    ######.
 Summon Mana Viper        Hex/Summ       #.......     100%        5    ######.
 Venom Bolt               Conj/Pois      #.........   100%        5    ######.
 Yara's Violent Unravell  Hex/Tmut       #.........   100%        5    ######.
 Bolt of Cold             Conj/Ice       #.........   100%        6    #######
 Bolt of Fire             Conj/Fire      #.........   100%        6    #######
 Deflect Missiles         Chrm/Air       #.........   100%        6    #######
 Freezing Cloud           Conj/Ice/Air   #.........   100%        6    #######
 Hydra Form               Tmut           #.........   100%        6    #######
 Invisibility             Hex            #.......     100%        6    #######
 Iron Shot                Conj/Erth      #.........   100%        6    #######
 Ozocubu's Refrigeration  Ice            #.........   100%        6    #######
 Shadow Creatures         Summ           N/A          100%        6    #######
 Simulacrum               Ice/Necr       #.........   100%        6    #######
 Statue Form              Tmut/Erth      #........    100%        6    #######
 Dragon Form              Tmut           #.........   100%        7    #######
 Orb of Destruction       Conj           #.........   100%        7    #######
 Spellforged Servitor     Conj/Summ      #.........   100%        7    #######
 Summon Hydra             Summ           #.........   100%        7    #######
 Dragon's Call            Summ           #.........   100%        9    #######
 Shatter                  Erth           #.........   100%        9    #######


Dungeon Overview and Level Annotations

Branches:
Dungeon (15/15)            Temple (1/1) D:5            Lair (6/6) D:11
 Shoals (4/4) Lair:3        Snake (4/4) Lair:2        Slime (0/5) Lair:5
    Orc (2/2) D:10            Elf (3/3) Orc:2        Vaults (5/5) D:14
  Crypt (0/3) Vaults:2     Depths (5/5) D:15            Zot (5/5) Depths:5
  IceCv (visited)

Altars:
Ashenzari
Cheibriados
Dithmenos
Elyvilon
Fedhas
Gozag
Hepliaklqana
Kikubaaqudgha
Makhleb
Nemelex Xobeh
Okawaru
Qazlal
Ru
Sif Muna
Trog
Uskayaw
Vehumet
Wu Jian
Xom
Yredelemnul
Zin
The Shining One
Lugonu

Shops:
D:6 !   D:7 [   D:11 }[=   D:12 :   Orc:1 }   Orc:2 ??*}   Shoals:1 =
Vaults:1 **   Vaults:2 ?   Vaults:4 (   Depths:4 }}=

Portals:
Hell: Lair:6 Depths:1 Depths:2 Depths:3 Depths:4 Depths:5
Abyss: Depths:1 Depths:3 Depths:4 Depths:5
Pandemonium: Depths:1 Depths:2 Depths:3 Depths:5
Ziggurat: Depths:1

Annotations:
Snake:4 2 transporters, Liforeniyw's ghost, adept MiBe
Zot:4 1 runed translucent door, Icycared's ghost, master GrFi


Innate Abilities, Weirdness & Mutations

You are partially covered in icy blue scales. (AC +2)
You are partially covered in iridescent scales. (AC +2)
You are partially covered in rugged brown scales. (AC +1, +3% HP)
You are agile. (Dex +2)
Scrolls take you a little longer to read.
Your system is resistant to poisons. (rPois)


Message History

(D) Dungeon (T) Temple (L) Lair (A) Shoals (P) Snake Pit (M) Slime Pits (O) Orcish Mines (E) Elven Halls (V) Vaults (C) Crypt (U) Depths (H) Hell (Z) Zot
Where to? (Enter - D:1, ? - help)
There is an open door here.
You see here a +0 hand axe.
A monstrous demonspawn comes into view.
There is a stone staircase leading up here.
You climb upwards.
There is a stone staircase leading down here.
Your extra speed is starting to run out.
There is a stone staircase leading up here.
You climb upwards.
There is a stone staircase leading down here.
You feel yourself slow down.
There is an open door here.
There is a staircase leading out of the dungeon here.
Unknown command.
You have escaped!

####..####.# #.########### #..#
#.# #####..).)....... #..# #.#
##...#..########## ####..####.#
#.###..)###### #
...........#####.###........#####
####..#........................>.
#..#.#####.#####....####.#####
#..#.#...#.#...#....# #.# #
#....#...#.'.@.#....# #.#####
##...#...#.#...#....# #......
#.#.##'##.#####....##########
#...............>#...........
###.#####.##'##..############
#.#...#.#...#..# #.#.>.'.#...#.##
#.#...#.#...#.# #.#####.#####.#


There were no monsters in sight!

Vanquished Creatures
  7 ancient liches
  8 orbs of fire
  2 juggernauts
  Boris (4 times) (Vaults:2 Vaults:3 Depths:3 Vaults:5)
  Sojobo (Vaults:4)
  Margery (Vaults:5)
  The ghost of Akutzier the Fencer, a veteran BaIE of Cheibriados (Depths:5)
  The ghost of Emok the Fencer, a veteran BaIE of Cheibriados (Depths:5)
  Bai Suzhen (Shoals:3)
  Vashnia (Snake:4)
  3 Killer Klowns (Zot:5)
  2 curse toes
  Nikola (Vaults:2)
  12 golden dragons
  A profane servitor (D:7)
  the Enchantress (Depths:4)
  4 electric golems
  An iron giant (Depths:5)
  9 tentacled monstrosities
  28 Orb Guardians
  The ghost of Dieptu the Severer, an adept MiBe of Trog (Depths:5)
  2 liches
  A deep elf blademaster (Elf:3)
  8 quicksilver dragons
  2 titans
  4 death cobs
  A deep elf master archer (Elf:3)
  2 sphinxes
  Kirke (Shoals:3)
  3 draconian monks
  7 tengu reavers
  10 shadow dragons
  The ghost of Gasan the Lord of Darkness, a journeyman DrFE of Kikubaaqudgha (D:13)
  A storm dragon (shapeshifter) (Depths:3)
  11 storm dragons
  8 nagarajas
  8 frost giants
  8 deep elf sorcerers
  A ghost moth (Zot:2)
  A cacodemon (D:11)
  A frost giant (shapeshifter) (Depths:3)
  6 fire giants
  An emperor scorpion (shapeshifter) (Vaults:5)
  3 draconian shifters
  8 draconian scorchers
  A ghoul (Vaults:2)
  6 deep elf elementalists (Elf:3)
  A balrug (D:10)
  16 vault wardens
  5 iron dragons
  8 draconian knights
  Louise (D:14)
  6 draconian stormcallers
  16 ironheart preservers
  Aizul (Snake:4)
  24 very ugly things
  3 spriggan defenders (Depths:4)
  7 war gargoyles
  19 stone giants
  2 entropy weavers
  10 draconian annihilators
  An entropy weaver (shapeshifter) (Depths:3)
  3 vampire knights
  A lorocyproca (Depths:5)
  11 black draconians
  6 deep elf demonologists
  7 green draconians
  Nessos (D:12)
  13 purple draconians
  2 large abominations
  8 red draconians
  6 deep elf annihilators
  A spark wasp (Depths:2)
  14 yellow draconians
  4 blizzard demons
  16 white draconians
  The ghost of Kagalorn the Spear-Bearer, a journeyman HuHu of Hepliaklqana (Lair:1)
  14 crystal guardians (Depths:3)
  8 deep elf death magi
  4 merfolk javelineers
  18 ettins
  A mummy priest (Depths:1)
  10 merfolk impalers
  7 deep elf high priests
  6 fire dragons
  Snorg (Lair:4)
  11 yaktaur captains
  7 great orbs of eyes
  40 vault guards
  6 rakshasas
  8 ice dragons
  A hell beast (Depths:4)
  19 naga warriors
  8 hydras
  An anaconda (shapeshifter) (Vaults:2)
  2 spriggan air magi
  A catoblepas (D:15)
  4 merfolk avatars
  9 centaur warriors
  2 merfolk aquamancers
  12 anacondas
  A death knight (Vaults:2)
  2 alligators (shapeshifter)
  52 two-headed ogres
  16 ogre magi
  3 tengu warriors
  A satyr (Shoals:3)
  2 spriggan berserkers
  5 shock serpents
  3 vampire magi
  8 deep troll shamans
  32 dancing weapons
  6 deep troll earth magi
  A soul eater (Depths:5)
  29 deep elf knights
  5 orc high priests
  4 sun demons
  Nergalle (D:12)
  8 hell knights
  A fire crab (Lair:6)
  12 naga sharpshooters
  A shadow wraith (Vaults:4)
  2 small abominations
  A fire crab (shapeshifter) (Vaults:2)
  5 salamander mystics
  6 iron trolls
  4 sixfirhies
  2 skeletal warriors (Vaults:2)
  7 glowing orange brains (Depths:3)
  31 deep trolls
  4 flayed ghosts
  13 naga ritualists
  3 unseen horrors
  Pikel (D:5)
  16 ironbrand convokers
  10 wizards
  13 deep elf archers
  13 sea snakes
  A spectral wolf spider (D:13)
  13 orc knights
  11 mana vipers
  17 harpies
  3 phantasmal warriors
  2 wolf spider zombies
  5 necromancers
  4 obsidian statues (Depths:3)
  5 wolf spiders
  2 oklob plants
  9 salamanders
  7 orc sorcerers
  60 deep elf magi
  23 ugly things
  6 cyclopes
  4 spectral centaurs (D:13)
  13 fauns
  A frost giant skeleton (Depths:4)
  13 manticores
  2 centaur zombies (D:13)
  9 merfolk sirens
  3 ice statues (IceCv)
  5 molten gargoyles (Depths:3)
  Joseph (D:7)
  A rust devil (Depths:4)
  14 vault sentinels
  20 moths of wrath
  17 elephants
  A guardian serpent (shapeshifter) (Depths:3)
  7 water nymphs
  47 black mambas
  A human skeleton (Vaults:2)
  15 spiny frogs
  An eye of devastation (shapeshifter) (Vaults:2)
  23 naga magi
  2 orange demons (Lair:6)
  7 gargoyles
  8 guardian serpents
  41 yaktaurs
  14 ice devils
  4 kobold demonologists
  2 komodo dragons
  4 rime drakes (Lair:6)
  A tormentor (D:7)
  2 yaktaur skeletons (Vaults:2)
  2 hellwings
  3 red devils (Lair:6)
  2 anaconda simulacra (IceCv)
  4 freezing wraiths
  3 tengu conjurers
  9 meliai
  A polar bear (Lair:2)
  21 merfolk
  A queen bee (Lair:4)
  8 trolls
  A jumping spider (shapeshifter) (Depths:1)
  A wolf spider simulacrum (D:13)
  A polar bear (shapeshifter) (Depths:1)
  A hornet (shapeshifter) (Vaults:5)
  4 hornets
  36 slime creatures
  8 hippogriffs
  6 wind drakes
  14 dream sheep
  A hippogriff (shapeshifter) (Depths:3)
  10 blink frogs
  8 snapping turtles
  An ettin zombie (Vaults:2)
  2 slime creatures (shapeshifter)
  A centaur simulacrum (D:13)
  4 air elementals
  A redback (shapeshifter) (Depths:3)
  63 yaks
  2 shadows
  A tarantella (Vaults:1)
  4 spriggans (Depths:4)
  2 wyverns
  3 redbacks (Vaults:2)
  5 wraiths
  3 basilisks
  25 water elementals
  3 dire elephant simulacra (IceCv)
  2 basilisks (shapeshifter)
  5 fire elementals
  3 hogs (Shoals:3)
  18 humans (D:14)
  A golden eye (shapeshifter) (Depths:3)
  2 chaos spawn
  3 human simulacra (Vaults:2)
  2 harpy simulacra (IceCv)
  13 vampire mosquitoes
  5 wargs
  57 nagas
  3 insubstantial wisps (Depths:3)
  An acid dragon (Vaults:2)
  2 hydra simulacra (IceCv)
  An iron troll simulacrum (IceCv)
  3 hell hounds (Lair:6)
  35 orc warriors
  12 porcupines
  A hornet zombie (D:12)
  15 water moccasins
  5 black bears
  3 ice beasts
  3 sky beasts
  An eye of draining (D:12)
  2 phantoms
  A black bear (shapeshifter) (Depths:3)
  An ettin simulacrum (Vaults:2)
  A necrophage (D:12)
  37 ogres
  7 boggarts
  6 wolves (Lair:1)
  A centaur (shapeshifter) (Depths:3)
  32 centaurs
  14 crocodiles
  5 big kobolds
  17 bullfrogs
  Blork the orc (D:5)
  A wyvern zombie (D:9)
  8 earth elementals
  A hornet simulacrum (Vaults:1)
  9 scorpions
  A water moccasin skeleton (D:6)
  33 killer bees
  5 wights (D:10)
  An electric eel (Lair:2)
  4 howler monkeys
  6 crimson imps
  A bullfrog zombie (D:9)
  2 centaur skeletons
  3 hounds
  8 jellies
  24 orc priests
  An iron imp (Depths:2)
  22 orc wizards
  3 bullfrog skeletons
  2 iguanas
  9 worker ants
  2 hell rats (Lair:4)
  A killer bee zombie (D:5)
  A hound zombie (D:9)
  A hound skeleton (D:7)
  Robin (D:2)
  A howler monkey zombie (D:8)
  A worker ant zombie (D:9)
  14 gnolls
  17 adders
  2 river rats (Lair:4)
  2 shadow imps
  10 oozes
  2 adder skeletons (D:8)
  6 worms
  A ball lightning (Depths:3)
  4 dart slugs
  4 leopard geckos
  111 orcs
  A ball python (Lair:2)
  9 giant cockroaches
  11 goblins
  18 hobgoblins
  10 jackals
  5 quokkas
  18 bats
  7 frilled lizards
  24 kobolds
  A leopard gecko skeleton (D:5)
  11 rats
  A crawling corpse (Elf:3)
  3 plants
2415 creatures vanquished.

Vanquished Creatures (others)
  A draconian knight (Zot:1)
  A frost giant (Vaults:5)
  A stone giant (Orc:1)
  A yaktaur captain (Depths:5)
  A merfolk impaler (Shoals:1)
  A centaur warrior (Vaults:2)
  2 satyrs
  4 naga sharpshooters
  A vampire mage (Depths:1)
  A deep elf knight (Elf:2)
  A deep elf archer (Vaults:4)
  A harpy (Shoals:3)
  A faun (Shoals:3)
  A cyclops (Shoals:2)
  A black mamba (Lair:6)
  A molten gargoyle (Depths:3)
  2 naga magi (Snake:4)
  3 merfolk
  8 yaktaurs
  A wind drake (Depths:3)
  5 water elementals (Depths:3)
  A naga (Snake:1)
  A floating eye (shapeshifter) (Depths:3)
  4 centaurs
  An orc wizard (Orc:1)
  9 ball lightnings (Depths:3)
  2 orcs (Orc:2)
  A bat (D:1)
  A giant cockroach (D:3)
  A bush (D:14)
  7 fungi
  19 plants
  2 withered plants (Zot:4)
88 creatures vanquished.

Grand Total: 2503 creatures vanquished

Notes
Turn   | Place    | Note
-------+----------+-------------------------------------------
     0 | D:1      | Kagalorn the Human Hunter began the quest for the Orb.
     0 | D:1      | Reached XP level 1. HP: 16/16 MP: 1/1
   125 | D:1      | Reached XP level 2. HP: 17/23 MP: 2/2
   541 | D:1      | Reached skill level 3 in Fighting
   832 | D:2      | Noticed Robin
   886 | D:2      | Reached XP level 3. HP: 24/29 MP: 3/3
   890 | D:2      | Reached skill level 1 in Maces & Flails
  1037 | D:2      | Reached XP level 4. HP: 26/35 MP: 4/4
  1304 | D:2      | Found a faded altar of an unknown god.
  1535 | D:2      | Killed Robin
  1535 | D:2      | Reached XP level 5. HP: 42/42 MP: 5/5
  2222 | D:3      | Found a shadowy altar of Dithmenos.
  2442 | D:3      | Reached skill level 4 in Fighting
  2552 | D:3      | Found an ancient bone altar of Kikubaaqudgha.
  2654 | D:3      | Reached XP level 6. HP: 39/48 MP: 6/6
  2661 | D:3      | Found a bloodstained altar of Trog.
  3164 | D:3      | Found a radiant altar of Vehumet.
  3338 | D:4      | Found a hide-covered altar of Uskayaw.
  3344 | D:4      | Noticed a +0 dagger
  3345 | D:4      | Noticed a -2 hand axe
  3730 | D:5      | Entered Level 5 of the Dungeon
  4045 | D:5      | Found a staircase to the Ecumenical Temple.
  4054 | Temple   | Entered the Ecumenical Temple
  4094 | Temple   | Became a worshipper of Warmaster Okawaru
  4115 | D:5      | Got a brightly glowing bone ring
  4116 | D:5      | Identified the ring of Wielij {rF+ SInv} (You found it on
                  | level 5 of the Dungeon)
  4123 | D:5      | Noticed Blork the orc
  4135 | D:5      | Killed Blork the orc
  4343 | D:4      | Reached XP level 7. HP: 53/55 MP: 7/7
  4364 | D:5      | Reached skill level 5 in Maces & Flails
  4583 | D:5      | Found a burning altar of Makhleb.
  4619 | D:5      | Noticed Pikel
  4641 | D:5      | Killed Pikel
  4641 | D:5      | Reached * piety under Okawaru
  4641 | D:5      | Reached ** piety under Okawaru
  4641 | D:5      | Reached skill level 5 in Fighting
  4641 | D:5      | Reached XP level 8. HP: 64/64 MP: 8/8
  5016 | D:5      | Found a shimmering altar of Xom.
  5038 | D:5      | Reached skill level 6 in Fighting
  5403 | D:5      | Found a blossoming altar of Fedhas.
  5609 | D:6      | Reached *** piety under Okawaru
  5641 | D:6      | Found Ucwymifa's Distillery.
  5665 | D:6      | Reached skill level 1 in Invocations
  5684 | D:6      | Bought a potion of flight for 42 gold pieces
  5684 | D:6      | Bought a potion of agility for 56 gold pieces
  5684 | D:6      | Bought a potion of curing for 42 gold pieces
  5684 | D:6      | Bought a potion of lignification for 42 gold pieces
  5737 | D:6      | Reached skill level 1 in Armour
  5737 | D:6      | Reached XP level 9. HP: 59/69 MP: 8/10
  5942 | D:6      | Found an ornate altar of the Wu Jian Council.
  6436 | D:7      | Noticed Joseph
  6457 | D:7      | Killed Joseph
  6714 | D:7      | Found a white marble altar of Elyvilon.
  6907 | D:7      | Found Tauguuhicw's Antique Armour Shoppe.
  7180 | D:7      | Reached skill level 10 in Maces & Flails
  7239 | D:7      | Reached **** piety under Okawaru
  7413 | D:7      | Reached XP level 10. HP: 75/76 MP: 13/13
  7744 | D:7      | Found a hazy altar of Hepliaklqana.
  7824 | D:8      | Noticed a two-headed ogre
  7844 | D:8      | Killed a two-headed ogre
  7844 | D:8      | Reached skill level 5 in Armour
  7844 | D:8      | Reached skill level 5 in Invocations
  8476 | D:8      | Found the +7 Singing Sword {slice, sonic wave}
  8522 | D:8      | Found a shimmering blue altar of Sif Muna.
  8584 | D:8      | Reached ***** piety under Okawaru
  9893 | D:8      | Found a basalt altar of Yredelemnul.
  9897 | D:8      | Found a sparkling altar of Nemelex Xobeh.
  9897 | D:8      | Found a glowing golden altar of the Shining One.
 10183 | D:8      | Reached XP level 11. HP: 30/81 MP: 15/15
 10801 | D:9      | Found a glowing silver altar of Zin.
 10872 | D:9      | Noticed a two-headed ogre
 11490 | D:9      | Killed a two-headed ogre
 11490 | D:9      | Received a gift from Okawaru
 11623 | D:10     | Entered Level 10 of the Dungeon
 11768 | D:10     | Received a gift from Okawaru
 11771 | D:10     | Got a transparent great mace {god gift}
 11774 | D:10     | Identified the +0 great mace of Dullness {freeze, Dex+4}
                  | (Okawaru gifted it to you on level 10 of the Dungeon)
 12231 | D:10     | Found a staircase to the Orcish Mines.
 12582 | D:11     | Found Ziokhly's Gadget Shop.
 12684 | D:11     | Noticed a two-headed ogre
 12696 | D:11     | Killed a two-headed ogre
 12696 | D:11     | Received a gift from Okawaru
 12696 | D:11     | Reached skill level 7 in Fighting
 13159 | D:11     | Reached XP level 12. HP: 51/91 MP: 17/17
 13426 | D:11     | Found Conwiudd's Antique Armour Boutique.
 13456 | D:11     | Found Issul's Jewellery Emporium.
 13530 | D:11     | Reached skill level 8 in Fighting
 14198 | D:11     | Found a staircase to the Lair.
 14244 | D:11     | Received a gift from Okawaru
 15064 | D:12     | Noticed a two-headed ogre
 15094 | D:12     | Killed a two-headed ogre
 15275 | D:12     | Noticed an unseen horror
 15307 | D:12     | Killed an unseen horror
 15307 | D:12     | Received a gift from Okawaru
 15307 | D:12     | Reached skill level 9 in Fighting
 15449 | D:12     | Reached skill level 10 in Armour
 15502 | D:12     | Noticed Nessos
 15512 | D:12     | Killed Nessos
 15605 | D:12     | Noticed Nergalle
 15605 | D:12     | Noticed an unseen horror
 15617 | D:12     | Killed an unseen horror
 15640 | D:12     | Killed Nergalle
 15640 | D:12     | Reached ****** piety under Okawaru
 15688 | D:12     | Found Xoobb's Book Boutique.
 15704 | D:12     | Bought a book of Minor Magic for 280 gold pieces
 15824 | D:12     | Reached skill level 10 in Fighting
 15835 | D:12     | Reached skill level 5 in Dodging
 16064 | D:13     | Got a jewelled battleaxe
 16082 | D:12     | Identified the +5 battleaxe "Liatedea" {speed, rElec} (You
                  | found it on level 13 of the Dungeon)
 16118 | Lair:1   | Entered Level 1 of the Lair of Beasts
 16129 | Lair:1   | Reached XP level 13. HP: 83/103 MP: 19/19
 16564 | Lair:1   | Received a gift from Okawaru
 16570 | Lair:1   | Noticed a seven-headed hydra
 16580 | Lair:1   | Killed a seven-headed hydra
 16869 | Lair:1   | Noticed an eight-headed hydra
 16875 | Lair:1   | Killed an eight-headed hydra
 17024 | Lair:1   | Noticed a fire dragon
 17039 | Lair:1   | Killed a fire dragon
 17063 | Lair:1   | Got a slimy granite ring
 17075 | Lair:1   | Got a brightly glowing hunting sling
 17080 | Lair:1   | Identified the +6 hunting sling "Ickul" {velocity, rPois
                  | rC+ Dex+3} (You found it on level 1 of the Lair of Beasts)
 17655 | Lair:1   | Found a runed translucent door.
 17659 | Lair:1   | Noticed Kagalorn's ghost (journeyman HuHu)
 17849 | Lair:2   | Noticed a seven-headed hydra
 17859 | Lair:2   | Killed a seven-headed hydra
 17859 | Lair:2   | Received a gift from Okawaru
 17891 | Lair:2   | Got a distressingly furry plate armour {god gift}
 17926 | Lair:1   | Identified the +8 plate armour "Helomoy" {Int+4} (Okawaru
                  | gifted it to you on level 2 of the Lair of Beasts)
 17929 | Lair:1   | Identified the ring of the Original Sin {MR+ SInv} (You
                  | found it on level 1 of the Lair of Beasts)
 18160 | Lair:2   | Found a staircase to the Snake Pit.
 18367 | Lair:2   | Noticed a five-headed hydra
 18381 | Lair:2   | Killed a five-headed hydra
 18872 | Lair:2   | Got an ichor-stained mace
 18878 | Lair:2   | Identified the +2 mace of Midnight {crush, *Slow Str+7
                  | SInv} (You found it on level 2 of the Lair of Beasts)
 20429 | Lair:3   | Found a staircase to the Shoals.
 20827 | Lair:3   | Reached XP level 14. HP: 90/110 MP: 20/20
 21138 | Lair:4   | Noticed Snorg
 21153 | Lair:4   | Killed Snorg
 21500 | Lair:4   | Received a gift from Okawaru
 21515 | Lair:4   | Got a twisted great mace {god gift}
 21516 | Lair:4   | Identified the +6 great mace "Aduwnuj" {elec, rElec rPois
                  | rN+} (Okawaru gifted it to you on level 4 of the Lair of
                  | Beasts)
 21815 | Lair:4   | HP: 8/165 [meliai/divine providence (12)]
 23021 | Lair:5   | Found a staircase to the Slime Pits.
 23502 | Lair:6   | Entered Level 6 of the Lair of Beasts
 23860 | Lair:6   | Reached skill level 15 in Maces & Flails
 23866 | Lair:6   | Received a gift from Okawaru
 24184 | Lair:6   | Received a gift from Okawaru
 24186 | Lair:6   | Reached skill level 5 in Throwing
 24228 | Lair:6   | Reached skill level 10 in Dodging
 24997 | Lair:6   | Reached XP level 15. HP: 81/115 MP: 21/21
 25198 | Lair:6   | Found a burning altar of Makhleb.
 25408 | Lair:6   | Found a gateway to Hell.
 25583 | Lair:6   | Received a gift from Okawaru
 26020 | Lair:1   | Killed Kagalorn's ghost
 26020 | Lair:1   | Reached skill level 1 in Shields
 26728 | D:13     | Found a runed translucent gate.
 26729 | D:13     | Found a runed translucent gate.
 26729 | D:13     | Found a runed translucent gate.
 26732 | D:13     | Noticed Gasan's ghost (journeyman DrFE)
 27238 | D:14     | Found a portal to a secret trove of treasure.
 27369 | D:14     | Noticed Louise
 27425 | D:14     | Killed Louise
 27829 | D:14     | Reached skill level 10 in Throwing
 28308 | D:14     | Received a gift from Okawaru
 28563 | D:14     | Found a stormy altar of Qazlal.
 28788 | D:14     | Found a gate to the Vaults.
 28901 | D:15     | Entered Level 15 of the Dungeon
 29016 | D:15     | Reached XP level 16. HP: 115/122 MP: 22/22
 29106 | D:15     | Reached skill level 5 in Shields
 29638 | D:15     | Received a gift from Okawaru
 29641 | D:15     | Got a warped broad axe {god gift}
 29643 | D:15     | Identified the +12 broad axe "Waufylau" {flame, rElec MP+9
                  | Int+2} (Okawaru gifted it to you on level 15 of the
                  | Dungeon)
 29846 | D:15     | Found a staircase to the Depths.
 30901 | D:13     | Killed Gasan's ghost
 30942 | D:13     | Identified the +8 hand crossbow "Niadghur" {flame, rPois}
                  | (You found it on level 13 of the Dungeon)
 31207 | Orc:1    | Entered Level 1 of the Orcish Mines
 31857 | Orc:1    | Found Ziowk's Gadget Emporium.
 31990 | Orc:2    | Entered Level 2 of the Orcish Mines
 32046 | Orc:2    | Received a gift from Okawaru
 32530 | Orc:2    | Found a staircase to the Elven Halls.
 33114 | Orc:2    | Reached skill level 10 in Shields
 33357 | Orc:2    | Found Nairal's Gadget Shop.
 33357 | Orc:2    | Found Pearaiz's General Store.
 33360 | Orc:2    | Found Kymunary's Magic Scroll Emporium.
 33360 | Orc:2    | Found Ragguefu's Magic Scroll Shop.
 33377 | Orc:2    | Bought a scroll of blinking for 112 gold pieces
 33377 | Orc:2    | Bought a scroll of fog for 30 gold pieces
 33542 | Snake:1  | Entered Level 1 of the Snake Pit
 33619 | Snake:1  | Reached XP level 17. HP: 82/128 MP: 21/23
 33635 | Snake:1  | Found a shimmering altar of Xom.
 33640 | Snake:1  | Found a frozen archway.
 33784 | IceCv    | Entered an ice cave
 34592 | IceCv    | Got a wizard robe
 34603 | IceCv    | Identified the +2 robe of the King of the Hill {rPois
                  | rCorr} (You found it in an ice cave)
 35104 | Snake:1  | Received a gift from Okawaru
 35146 | Snake:1  | HP: 5/128 [poisoned by a naga ritualist]
 35431 | Snake:1  | Got a sapphire-studded scale mail {god gift}
 35442 | Snake:1  | Identified the +8 scale mail of the Planets {MR+ MP+9 Str+4
                  | Int-3} (Okawaru gifted it to you on level 1 of the Snake
                  | Pit)
 38237 | Snake:2  | Received a gift from Okawaru
 38672 | Snake:2  | Reached XP level 18. HP: 105/134 MP: 24/24
 40615 | Snake:3  | Reached skill level 1 in Axes
 40670 | Snake:3  | Received a gift from Okawaru
 41098 | Snake:4  | Entered Level 4 of the Snake Pit
 41359 | Snake:4  | Found a bloodstained altar of Trog.
 41359 | Snake:4  | Noticed Liforeniyw's ghost (adept MiBe)
 41359 | Snake:4  | Identified the +9 war axe of Rogi {freeze, *Rage rPois
                  | Int+6 Dex-3}
 41360 | Snake:4  | Found a transporter.
 41363 | Snake:4  | Identified the +5 war axe of Malaise {vamp, SInv}
 41780 | Snake:4  | Found a transporter.
 41797 | Snake:4  | Reached skill level 15 in Shields
 41963 | Snake:4  | Reached skill level 5 in Axes
 42265 | Snake:4  | Noticed Aizul
 42278 | Snake:4  | Killed Aizul
 42341 | Snake:4  | Found a glowing golden altar of the Shining One.
 44082 | Snake:4  | Noticed Vashnia
 44119 | Snake:4  | Killed Vashnia
 44119 | Snake:4  | Received a gift from Okawaru
 44287 | Snake:4  | Received a gift from Okawaru
 44421 | Snake:4  | Reached XP level 19. HP: 99/140 MP: 25/25
 45133 | Snake:4  | Reached skill level 10 in Axes
 45475 | Snake:4  | Received a gift from Okawaru
 45681 | Snake:4  | Got a serpentine rune of Zot
 45941 | Shoals:1 | Entered Level 1 of the Shoals
 46094 | Shoals:1 | Found Taeni's Jewellery Shop.
 46415 | Shoals:1 | HP: 6/140 [poisoned by a sea snake]
 46420 | Shoals:1 | HP: 4/140 [poisoned by a sea snake]
 46425 | Shoals:1 | HP: 1/140 [poisoned by a sea snake]
 47831 | Shoals:2 | Received a gift from Okawaru
 47840 | Shoals:2 | Identified a +1 pair of boots of running (Okawaru gifted it
                  | to you on level 2 of the Shoals)
 48497 | Shoals:2 | Identified a scroll of acquirement
 49171 | Shoals:3 | Noticed Bai Suzhen
 49185 | Shoals:3 | Killed Bai Suzhen
 49421 | Shoals:3 | Reached XP level 20. HP: 131/148 MP: 26/26
 49630 | Shoals:3 | Noticed Kirke
 49642 | Shoals:3 | Killed Kirke
 50502 | Shoals:4 | Entered Level 4 of the Shoals
 50507 | Shoals:4 | Found a radiant altar of Vehumet.
 51455 | Shoals:4 | Found the +10 Black Knight's horse barding {ponderous,
                  | rPois rN+}
 51852 | Shoals:4 | Received a gift from Okawaru
 52559 | Shoals:4 | Got a barnacled rune of Zot
 52975 | Shoals:4 | Received a gift from Okawaru
 53111 | Lair:3   | Got a warped bone ring
 53113 | Lair:3   | Identified the ring of Bujizot {+Fly rC++ Str+7 Int-5} (You
                  | acquired it on level 3 of the Lair of Beasts)
 53242 | Vaults:1 | Entered Level 1 of the Vaults
 53290 | Vaults:1 | Reached skill level 11 in Fighting
 53505 | Vaults:1 | Received a gift from Okawaru
 53605 | Vaults:1 | Found Gomadea's Assorted Antiques.
 53722 | Vaults:1 | Received a gift from Okawaru
 54115 | Vaults:1 | Reached skill level 15 in Axes
 54121 | Vaults:1 | Received a gift from Okawaru
 54760 | Vaults:1 | Found Waogodoc's Assorted Antiques.
 54935 | Vaults:2 | Reached XP level 21. HP: 143/156 MP: 27/27
 54936 | Vaults:2 | Received a gift from Okawaru
 54937 | Vaults:2 | Found the +15 Maxwell's patent armour {-Cast -Tele rElec
                  | MR+ rCorr}
 54978 | Vaults:2 | Identified the Papyrus of the Boosting Traveller
 55002 | Vaults:2 | Noticed Nikola
 55023 | Vaults:2 | Killed Nikola
 55221 | Vaults:2 | Found Viwairph's Magic Scroll Boutique.
 55231 | Vaults:2 | Bought a scroll of enchant armour for 135 gold pieces
 55231 | Vaults:2 | Bought a scroll of blinking for 135 gold pieces
 55231 | Vaults:2 | Bought a scroll of teleportation for 54 gold pieces
 56540 | Vaults:2 | Received a gift from Okawaru
 56644 | Vaults:2 | Found a staircase to the Crypt.
 56711 | Vaults:2 | Noticed Boris
 56723 | Vaults:2 | Killed Boris
 57608 | Vaults:3 | Reached skill level 12 in Fighting
 57608 | Vaults:3 | Reached XP level 22. HP: 165/165 MP: 28/28
 57663 | Vaults:3 | Reached skill level 15 in Throwing
 57857 | Vaults:3 | Noticed Boris
 57883 | Vaults:3 | Killed Boris
 58050 | Vaults:3 | Received a gift from Okawaru
 59087 | Vaults:4 | Received a gift from Okawaru
 59118 | Vaults:4 | Reached skill level 13 in Fighting
 59202 | Vaults:4 | Found Soxtaeqil's Antique Weapon Shoppe.
 59252 | Vaults:4 | Received a gift from Okawaru
 60097 | Vaults:4 | Reached skill level 14 in Fighting
 60105 | Vaults:4 | Reached XP level 23. HP: 127/178 MP: 29/29
 60150 | Vaults:4 | Identified the cursed +1 ring mail of Freedom {rPois Str+3}
                  | (You found it on level 4 of the Vaults)
 60240 | Vaults:4 | Noticed Sojobo
 60281 | Vaults:4 | Received a gift from Okawaru
 60324 | Vaults:4 | Killed Sojobo
 60986 | Elf:1    | Entered Level 1 of the Elven Halls
 61017 | Elf:1    | Found a flickering gateway to a bazaar.
 61024 | Bazaar   | Entered a bazaar
 61024 | Bazaar   | Found Jutuk's Gadget Shoppe.
 61024 | Bazaar   | Found Jufacek's Distillery.
 61058 | Bazaar   | Found Umir's Antique Armour Emporium.
 61062 | Bazaar   | Found Xuoquol's Antique Weapon Emporium.
 61077 | Bazaar   | Found Eqammaaf's General Store.
 61085 | Bazaar   | Bought a potion of might for 52 gold pieces
 61085 | Bazaar   | Bought a scroll of fog for 26 gold pieces
 61085 | Bazaar   | Bought a scroll of fear for 45 gold pieces
 61085 | Bazaar   | Bought 2 potions of might for 104 gold pieces
 61104 | Bazaar   | Bought a brightly glowing helmet for 218 gold pieces
 61107 | Bazaar   | Identified the cursed +0 helmet of True Grit {+Fly} (You
                  | bought it in a shop in a bazaar)
 61128 | Bazaar   | Bought a wand of paralysis (12) for 154 gold pieces
 61128 | Bazaar   | Bought a wand of paralysis (7) for 99 gold pieces
 61136 | Bazaar   | Bought a potion of curing for 27 gold pieces
 61136 | Bazaar   | Bought a potion of lignification for 27 gold pieces
 61136 | Bazaar   | Bought 2 potions of curing for 54 gold pieces
 61136 | Bazaar   | Bought a potion of invisibility for 72 gold pieces
 61136 | Bazaar   | Bought a potion of mutation for 72 gold pieces
 61136 | Bazaar   | Bought a potion of curing for 27 gold pieces
 61233 | Elf:1    | You fall into a shaft and drop 1 floor!
 61550 | Elf:2    | Found a runed translucent gate.
 61550 | Elf:2    | Found a runed translucent gate.
 61551 | Elf:2    | Found a runed translucent gate.
 61639 | Elf:2    | Reached skill level 15 in Fighting
 62373 | Elf:2    | Reached skill level 1 in Evocations
 63376 | Elf:3    | Entered Level 3 of the Elven Halls
 63548 | Elf:3    | Received a gift from Okawaru
 63551 | Elf:3    | Got a brightly glowing large shield {god gift}
 63552 | Elf:3    | Identified the +0 large shield of Cukah {+Fly Int+2}
                  | (Okawaru gifted it to you on level 3 of the Elven Halls)
 63932 | Elf:3    | Reached XP level 24. HP: 188/188 MP: 29/29
 64085 | Elf:3    | Identified the +8 morningstar of Tenacity {venom, +Blink
                  | rC+ Str+2 Dex+2}
 64085 | Elf:3    | Identified the amulet "Fakhleunk" {Gourm +Fly rF+ MR-}
 64136 | Elf:3    | Identified the cursed +1 chain mail of Heirr {rN++ MP+9}
 64197 | Elf:3    | Reached skill level 15 in Armour
 64235 | Elf:3    | Reached skill level 5 in Evocations
 64353 | Elf:3    | Gained mutation: You are agile. (Dex +2) [a neqoxec]
 64388 | Elf:3    | Identified the cursed +0 rapier of the Countless Eyes
                  | {speed, Dex+2}
 64388 | Elf:3    | Identified the ring "Oliffun" {rPois MR- Str+3 Int+4
                  | Stlth+}
 64423 | Elf:3    | Identified the ring "Viqesso" {*Tele rC+ Slay+3}
 64800 | Elf:3    | Found the +9 heavy crossbow "Sniper" {velocity, Acc+∞ SInv}
 64824 | Elf:3    | Identified the ring of Divine Intervention {MR+ Int+3
                  | Stlth+} (You found it on level 3 of the Elven Halls)
 64836 | Elf:3    | Identified the +5 ring mail of Arearryno {-Cast rElec
                  | Slay+3} (You found it on level 3 of the Elven Halls)
 65287 | Depths:1 | Entered Level 1 of the Depths
 65342 | Depths:1 | Received a gift from Okawaru
 65400 | Depths:1 | Reached skill level 10 in Evocations
 65454 | Depths:1 | Found a gateway to a ziggurat.
 65480 | Depths:1 | Found a one-way gate leading to the halls of Pandemonium.
 65962 | Depths:1 | Noticed a juggernaut
 65976 | Depths:1 | Killed a juggernaut
 66193 | Depths:1 | Found a one-way gate to the infinite horrors of the Abyss.
 66229 | Depths:1 | Found a shimmering blue altar of Sif Muna.
 66567 | Depths:1 | Reached XP level 25. HP: 90/195 MP: 30/30
 67040 | Depths:2 | Reached skill level 16 in Fighting
 67388 | Depths:2 | Received a gift from Okawaru
 67502 | Depths:2 | Identified Paetaok's Catalogue of Fire and Transmutation
 68001 | Depths:3 | Received a gift from Okawaru
 68203 | Depths:3 | Reached skill level 17 in Fighting
 68742 | Depths:3 | Received a gift from Okawaru
 68798 | Depths:3 | Received a gift from Okawaru
 69066 | Depths:3 | Received a gift from Okawaru
 69075 | Depths:3 | Paralysed by a floating eye for 2 turns
 69192 | Depths:3 | Noticed Boris
 69207 | Depths:3 | Killed Boris
 69207 | Depths:3 | Received a gift from Okawaru
 69207 | Depths:3 | Reached skill level 18 in Fighting
 69320 | Depths:3 | Reached XP level 26. HP: 130/211 MP: 30/30
 69871 | Depths:3 | Identified the Incunabulum of Aid
 70072 | Depths:4 | Found Sacwoust's Jewellery Shop.
 70072 | Depths:4 | Found Uxovawiu's Gadget Shoppe.
 70073 | Depths:4 | Found Poffovee's Gadget Shoppe.
 70130 | Depths:4 | Noticed the Enchantress
 70185 | Depths:4 | Killed the Enchantress
 70331 | Depths:4 | Received a gift from Okawaru
 70356 | Depths:4 | Identified Sif Muna's Reference Book on Protection and
                  | Curses
 70473 | Depths:4 | Identified the ring "Qiuf" {+Fly Int-3 Dex+5 Slay+5} (You
                  | found it on level 4 of the Depths)
 70611 | Depths:4 | Reached skill level 19 in Fighting
 71260 | Depths:5 | Entered Level 5 of the Depths
 71464 | Depths:5 | Received a gift from Okawaru
 71633 | Depths:5 | Noticed a juggernaut
 72049 | Depths:5 | Killed a juggernaut
 72049 | Depths:5 | Reached skill level 20 in Fighting
 72123 | Depths:5 | Found a gate to the Realm of Zot.
 72270 | Depths:5 | Reached XP level 27. HP: 224/224 MP: 30/30
 72396 | Depths:5 | Found a runed translucent door.
 72397 | Depths:5 | Noticed Emok's ghost (veteran BaIE)
 72448 | Depths:5 | Killed Emok's ghost
 72519 | Depths:5 | Found a runed translucent door.
 72520 | Depths:5 | Noticed Dieptu's ghost (adept MiBe)
 72544 | Depths:5 | Killed Dieptu's ghost
 72548 | Depths:5 | Found a runed translucent door.
 72551 | Depths:5 | Noticed Akutzier's ghost (veteran BaIE)
 72630 | Depths:5 | Received a gift from Okawaru
 72649 | Depths:5 | Killed Akutzier's ghost
 73405 | Vaults:5 | Entered Level 5 of the Vaults
 73424 | Vaults:4 | Received a gift from Okawaru
 73432 | Vaults:4 | Identified the +6 demon whip of Huruulim {vamp, +Blink}
                  | (Okawaru gifted it to you on level 4 of the Vaults)
 73920 | Vaults:5 | Received a gift from Okawaru
 73937 | Vaults:5 | Noticed an ancient lich
 73948 | Vaults:5 | Killed an ancient lich
 73995 | Vaults:5 | Noticed an ancient lich
 74189 | Vaults:5 | Noticed Margery
 74213 | Vaults:5 | Killed Margery
 74232 | Vaults:5 | Received a gift from Okawaru
 74254 | Vaults:5 | Noticed Boris
 74267 | Vaults:5 | Killed Boris
 74471 | Vaults:5 | Killed an ancient lich
 74504 | Vaults:5 | Noticed an ancient lich
 74508 | Vaults:5 | Killed an ancient lich
 74508 | Vaults:5 | Reached skill level 21 in Fighting
 74583 | Vaults:5 | Identified the Handbook of Doomed Clay
 74721 | Vaults:5 | Received a gift from Okawaru
 75011 | Vaults:5 | Got a silver rune of Zot
 75580 | Vaults:5 | Identified the +4 pair of boots of the Buccaneer {rC+ rCorr
                  | Int+4} (You found it on level 5 of the Vaults)
 75845 | D:14     | You paid a toll of 2 scrolls of acquirement to enter a
                  | treasure trove
 75846 | Trove    | Entered a treasure trove
 75856 | Trove    | Got a slimy copper ring
 75857 | Trove    | Identified the ring of Fupp {rF+ rCorr SInv} (You found it
                  | in a treasure trove)
 75866 | Trove    | Got a glittering bronze ring
 75867 | Trove    | Identified the ring of Feajy {Fire Int+4 Dex+2 Stlth-} (You
                  | found it in a treasure trove)
 76116 | Zot:1    | Entered Level 1 of the Realm of Zot
 76412 | Zot:1    | Received a gift from Okawaru
 76633 | Zot:1    | Reached skill level 22 in Fighting
 76706 | Zot:1    | Received a gift from Okawaru
 76869 | Zot:1    | Received a gift from Okawaru
 76973 | Zot:1    | You fall into a shaft and drop 1 floor!
 77397 | Zot:1    | Received a gift from Okawaru
 78517 | Zot:3    | Found the +8 glaive of the Guard {elec, +Rage AC+5 SInv}
 78691 | Zot:3    | Reached skill level 23 in Fighting
 78847 | Zot:3    | You fall into a shaft and drop 1 floor!
 79776 | Zot:4    | Received a gift from Okawaru
 80334 | Zot:4    | Received a gift from Okawaru
 80570 | Zot:4    | Found a runed translucent door.
 80585 | Zot:4    | Reached skill level 24 in Fighting
 80769 | Zot:4    | Noticed Icycared's ghost (master GrFi)
 80869 | Zot:5    | Entered Level 5 of the Realm of Zot
 81543 | Zot:5    | Noticed an orb of fire
 81558 | Zot:5    | Killed an orb of fire
 81558 | Zot:5    | Noticed an orb of fire
 81559 | Zot:5    | Gained mutation: You are dopey. (Int -2) [an orb of fire]
 81561 | Zot:5    | Lost mutation: You are agile. (Dex +2) [an orb of fire]
 81567 | Zot:5    | Killed an orb of fire
 81567 | Zot:5    | Received a gift from Okawaru
 81567 | Zot:5    | Noticed an orb of fire
 81732 | Zot:5    | Gained mutation: Your magical capacity is low. (-10% MP)
                  | [an orb of fire]
 81738 | Zot:5    | Noticed an ancient lich
 81751 | Zot:4    | Gained mutation: Your body sometimes deteriorates upon
                  | taking damage. [an orb of fire]
 81764 | Zot:4    | Killed an orb of fire
 81848 | Zot:5    | Noticed an ancient lich
 81854 | Zot:5    | Killed an ancient lich
 81857 | Zot:5    | Killed an ancient lich
 81857 | Zot:5    | Reached skill level 25 in Fighting
 81870 | Zot:5    | Noticed an orb of fire
 81870 | Zot:5    | Noticed a Killer Klown
 81870 | Zot:5    | Noticed an orb of fire
 81894 | Zot:5    | Gained mutation: You occasionally shout uncontrollably at
                  | your foes. [an orb of fire]
 81902 | Zot:5    | Killed an orb of fire
 81908 | Zot:5    | Received a gift from Okawaru
 81923 | Zot:5    | Killed an orb of fire
 81923 | Zot:5    | Received a gift from Okawaru
 81926 | Zot:5    | Noticed a Killer Klown
 81932 | Zot:5    | Killed a Killer Klown
 81938 | Zot:5    | Noticed an ancient lich
 81939 | Zot:5    | Noticed an orb of fire
 81943 | Zot:5    | Gained mutation: You tend to lose your temper in combat.
                  | [an orb of fire]
 81953 | Zot:5    | Killed an orb of fire
 81955 | Zot:5    | Noticed an ancient lich
 81961 | Zot:5    | Killed an ancient lich
 81961 | Zot:5    | Received a gift from Okawaru
 81962 | Zot:5    | Killed a Killer Klown
 81981 | Zot:5    | Noticed an orb of fire
 81981 | Zot:5    | Killed an ancient lich
 82197 | Zot:5    | Noticed an orb of fire
 82205 | Zot:4    | Reached skill level 26 in Fighting
 82253 | Zot:4    | Gained mutation: Armour fits poorly on your strangely
                  | shaped body. [an orb of fire]
 82261 | Zot:4    | Killed an orb of fire
 82265 | Zot:4    | Killed an orb of fire
 82464 | Zot:5    | Received a gift from Okawaru
 82595 | Zot:5    | Received a gift from Okawaru
 82596 | Zot:5    | Found the +1 cloak of Starlight {rElec rC+ EV+4 Stlth--}
 82940 | Zot:5    | Noticed a Killer Klown
 82958 | Zot:5    | Killed a Killer Klown
 83424 | Zot:5    | Lost mutation: Your magical capacity is low. (-10% MP)
                  | [potion of mutation]
 83424 | Zot:5    | Lost mutation: You tend to lose your temper in combat.
                  | [potion of mutation]
 83424 | Zot:5    | Gained mutation: You have an increased reservoir of magic.
                  | (+10% MP) [potion of mutation]
 83424 | Zot:5    | Gained mutation: You have a beak for a mouth. [potion of
                  | mutation]
 83425 | Zot:5    | Lost mutation: You have an increased reservoir of magic.
                  | (+10% MP) [potion of mutation]
 83425 | Zot:5    | Gained mutation: Your spells are a little harder to cast,
                  | but a little more powerful. [potion of mutation]
 83426 | Zot:5    | Lost mutation: You are dopey. (Int -2) [potion of mutation]
 83426 | Zot:5    | Lost mutation: Your spells are a little harder to cast, but
                  | a little more powerful. [potion of mutation]
 83426 | Zot:5    | Lost mutation: Armour fits poorly on your strangely shaped
                  | body. [potion of mutation]
 83426 | Zot:5    | Lost mutation: Your body sometimes deteriorates upon taking
                  | damage. [potion of mutation]
 83426 | Zot:5    | Gained mutation: Your flesh is cold resistant. (rC+)
                  | [potion of mutation]
 83426 | Zot:5    | Gained mutation: You are somewhat resistant to further
                  | mutation. [potion of mutation]
 83427 | Zot:5    | Lost mutation: You occasionally shout uncontrollably at
                  | your foes. [potion of mutation]
 83427 | Zot:5    | Lost mutation: Your flesh is cold resistant. (rC+) [potion
                  | of mutation]
 83427 | Zot:5    | Gained mutation: You have sharp toenails. [potion of
                  | mutation]
 83428 | Zot:5    | Lost mutation: You are somewhat resistant to further
                  | mutation. [potion of mutation]
 83428 | Zot:5    | Gained mutation: Scrolls take you a little longer to read.
                  | [potion of mutation]
 83428 | Zot:5    | Gained mutation: You are resistant to hostile enchantments.
                  | (MR+) [potion of mutation]
 83428 | Zot:5    | Gained mutation: Your flesh is cold resistant. (rC+)
                  | [potion of mutation]
 83429 | Zot:5    | Lost mutation: Scrolls take you a little longer to read.
                  | [potion of mutation]
 83429 | Zot:5    | Lost mutation: Your flesh is cold resistant. (rC+) [potion
                  | of mutation]
 83429 | Zot:5    | Lost mutation: You have sharp toenails. [potion of
                  | mutation]
 83429 | Zot:5    | Lost mutation: You are resistant to hostile enchantments.
                  | (MR+) [potion of mutation]
 83429 | Zot:5    | Gained mutation: You tend to lose your temper in combat.
                  | [potion of mutation]
 83429 | Zot:5    | Gained mutation: Your magical capacity is low. (-10% MP)
                  | [potion of mutation]
 83429 | Zot:5    | Gained mutation: You are partially covered in iridescent
                  | scales. (AC +2) [potion of mutation]
 83429 | Zot:5    | Gained mutation: You evolve. [potion of mutation]
 83430 | Zot:5    | Lost mutation: You evolve. [potion of mutation]
 83430 | Zot:5    | Gained mutation: You are partially covered in rugged brown
                  | scales. (AC +1, +3% HP) [potion of mutation]
 83430 | Zot:5    | Gained mutation: You are resistant to electric shocks.
                  | (rElec) [potion of mutation]
 83431 | Zot:5    | Lost mutation: You have a beak for a mouth. [potion of
                  | mutation]
 83431 | Zot:5    | Lost mutation: You are resistant to electric shocks.
                  | (rElec) [potion of mutation]
 83431 | Zot:5    | Gained mutation: Your muscles are strong. (Str +2) [potion
                  | of mutation]
 83431 | Zot:5    | Gained mutation: Scrolls take you a little longer to read.
                  | [potion of mutation]
 83431 | Zot:5    | Gained mutation: Your system is resistant to poisons.
                  | (rPois) [potion of mutation]
 83431 | Zot:5    | Gained mutation: You are resistant to hostile enchantments.
                  | (MR+) [potion of mutation]
 83432 | Zot:5    | Lost mutation: Your magical capacity is low. (-10% MP)
                  | [potion of mutation]
 83432 | Zot:5    | Lost mutation: You tend to lose your temper in combat.
                  | [potion of mutation]
 83432 | Zot:5    | Lost mutation: You are resistant to hostile enchantments.
                  | (MR+) [potion of mutation]
 83432 | Zot:5    | Lost mutation: Your muscles are strong. (Str +2) [potion of
                  | mutation]
 83432 | Zot:5    | Gained mutation: You are partially covered in icy blue
                  | scales. (AC +2) [potion of mutation]
 83432 | Zot:5    | Gained mutation: You are agile. (Dex +2) [potion of
                  | mutation]
 83440 | Zot:5    | Got the Orb of Zot
 83551 | Zot:1    | Reached skill level 27 in Fighting
 84042 | D:$      | Escaped with the Orb!

Levels and vault maps discovered:
D:1:      minmay_arrival_four_houses, layout_loops_ring,
          hangedman_feature_mirror
D:2:      layout_loops_ring, chequers_ecumenical_altar_simple, uniq_robin
D:3:      layout_loops_corners, fiery_altar_vehumet, lemuel_round_altar,
          kiku_gazebo_garden_becter, lemuel_coloured_pillars_altar, first_ration
D:4:      layout_rooms, dancing_weapons_uskayaw, serial_forest,
          infiniplex_forest_zigzag_2, infiniplex_forest_clump_small,
          infiniplex_forest_clump_medium, infiniplex_forest_zigzag_1,
          infiniplex_forest_clump_double
D:5:      layout_basic, lemuel_crystal_altar, kennysheep_mini,
          minmay_temple_entry_mini_moons, basic_altar, uniq_blork_the_orc,
          uniq_pikel
D:6:      layout_loops_corners, lemuel_crystal_altar, serial_shops,
          shop_fountains, serial_rivers, chequers_serial_rivers_room_b,
          chequers_serial_rivers_micro_b, chequers_serial_rivers_micro_e,
          chequers_serial_rivers_micro_c
D:7:      layout_basic, lemuel_crystal_altar, elyvilon_altar_5, serial_shops,
          nicolae_shop_trees, uniq_joseph
D:8:      old_forge, layout_basic, grunt_temple_overflow_diamond,
          lemuel_doored_altar
D:9:      layout_big_octagon, zin_treasury
D:10:     layout_basic, orc_david_3
D:11:     layout_basic, grunt_lair_entry_orc_guard_hut, serial_shops, shop,
          shop_coins, shop
D:12:     layout_small_grid, serial_shops, nicolae_shop_crystal, uniq_nergalle,
          uniq_nessos
D:13:     layout_long_grid, gammafunk_ghost_necromancy
D:14:     layout_loops_ring, grunt_vaults_entry_tiered, serial_park_square3
          [serial_park_minivault_5x5_8], trove_entry_hex_spiral,
          hangedman_little_slice_of_home, minivault_16,
          nicolae_qazlal_general_emergency, uniq_louise
D:15:     grunt_enter_depths_magical_seal, layout_basic
Temple:   corrupted_temple
Lair:1:   dragon1_lemuel, layout_cave_pods, ebering_ghost_reflecting_pool
Lair:2:   layout_long_grid, minmay_snake_entry_six_corridors,
          gammafunk_lair_bear_cave, infiniplex_staircase_pool_2,
          minmay_lair_oklob_chamber
Lair:3:   layout_roguey, shoals_dummy_entry
Lair:4:   layout_roguey [special_room_bee], minivault_23,
          kennysheep_abandoned_house, infiniplex_staircase_pool, uniq_snorg
Lair:5:   layout_layer_cave, nicolae_slime_entry_slimehenge
Lair:6:   evil_forest, layout_long_grid
Shoals:1: layout_shoals, minmay_shop_enchanted_jewellery
Shoals:2: layout_shoals
Shoals:3: layout_shoals, uniq_kirke, uniq_bai_suzhen
Shoals:4: shoals_end_grunt_ice, layout_shoals, lemuel_centaur_altar
Snake:1:  layout_cave_shapes, basic_altar, portal_ice_cave_entry_pillars_1,
          st_stairs_1, grunt_megastairs_1
Snake:2:  layout_rooms, chequers_hall_statues_wall_a, serial_bayou_shore_b
Snake:3:  layout_gridlike
Snake:4:  johnstein_snake_rune_scales, layout_cave_shapes,
          gammafunk_ghost_wrathful_warriors, basic_altar, st_stairs_10,
          uniq_aizul, uniq_vashnia
Orc:1:    layout_caves, serial_shops, shop
Orc:2:    grunt_orc_tribal_feast, layout_caves, mines_bat_river
Elf:1:    layout_geoelf_grid, serial_shops, bzr_entry_islet,
          hangedman_elf_disciples
Elf:2:    layout_gridlike
Elf:3:    minmay_elf_hall_curves, layout_geoelf_grid
Vaults:1: nicolae_vaults_network_square, nicolae_vaults_hallways_thing,
          hangedman_vaults_corner, nicolae_vaults_little_squares_6,
          ontoclasm_vaults_ring_square, nicolae_vaults_stairing_the_circle,
          nicolae_vaults_little_squares_1, vaults_room_corners,
          vaults_room_grunt_arrival_ludios, vaults_room_ringed_pool,
          vaults_dpeg_cross, nicolae_vaults_little_squares_3, v_alt_pattern_2,
          ontoclasm_vaults_ring_large, ontoclasm_vaults_claustrophobia,
          nicolae_vaults_ring_of_whatevers, vaults_dpeg_ring,
          layout_vaults_omnicross, serial_shops,
          nicolae_shop_overgrown_old_shop, nicolae_shop_stone
Vaults:2: vaults_mumra_minichess_inversion, vaults_room_large_hall,
          minmay_crypt_entry_simple_statues, ontoclasm_vaults_spin,
          vaults_room_fours, vaults_room_hangedman_quadrants,
          ontoclasm_vaults_loading_screen, v_pattern_2, layout_vaults_omnigrid,
          serial_shops, shop, uniq_nikola, uniq_boris
Vaults:3: nicolae_vaults_meeting, v_alt_pattern_5, v_rooms_1,
          nicolae_vaults_little_squares_6, grunt_vaults_bifocal,
          vaults_dpeg_hooks, vaults_mumra_lcd, ontoclasm_vaults_misaligned,
          nicolae_vaults_circle_grid_a, nicolae_vaults_little_squares_5,
          ontoclasm_vaults_ring_square, nicolae_vaults_border_crossing,
          layout_vaults_omnibox
Vaults:4: v_misc_26, vaults_standard_mumra_x, vaults_room_fancy_cross,
          nicolae_vaults_circle_grid_b, grunt_vaults_funnel, v_misc_11,
          v_misc_5, hangedman_vaults_locks, nicolae_vaults_rhombus_5,
          ontoclasm_vaults_shuriken, v_misc_8,
          hangedman_vaults_stretched_pinwheel, nicolae_vaults_theta,
          layout_vaults_maze_bifur, serial_shops, nicolae_shop_crystal,
          uniq_sojobo
Vaults:5: uniq_margery
Depths:1: minmay_outward_triangles, layout_cave_pools, enter_ziggurat_b,
          rand_demon_pan_entry_3, nicolae_abyss_entry_one_way_or_another,
          serial_bayou_pond_b, pf_hell_entry_tar_spiral,
          hangedman_summoners_spam
Depths:2: evilmike_cross, layout_basic, dk_noncrumbling_2, pan_entry,
          grunt_hell_entry_dis_grunt
Depths:3: radiant_caverns_b_rkd, serial_shops, abyss_entry, hell_entry,
          pan_entry
Depths:4: kennysheep_bubble_arena, layout_basic, abyss_entry,
          grunt_mini_vestibule, hangedman_decor_riveting, minmay_shop_grove,
          serial_bayou_shore_b, uniq_enchantress
Depths:5: grunt_zot_entry_alcove, layout_cave_pools, hell_entry, abyss_entry,
          rand_demon_pan_entry_7, muffindrake_ghost_three_little_ghosts,
          grunt_ministairs_7, serial_bayou_shore_b
Zot:1:    layout_onion_interference, st_single_dragon_hoard_1,
          bh_zot_lava_cross, hangedman_zot_gyre
Zot:2:    layout_cathedral_of_symmetry
Zot:3:    layout_gridlike
Zot:4:    layout_gridlike, gammafunk_ghost_grave, hangedman_zot_decor_scrapings,
          drop_trap, st_single_dragon_hoard_2
Zot:5:    layout_cathedral_of_symmetry

Skill      XL: |  1  2  3  4  5  6  7  8  9 10 11 12 13 14 15 16 17 18 19 20 21 22 23 24 25 26 27 |
---------------+----------------------------------------------------------------------------------+-----
Fighting       | 3 4 5 6 7 10 11 12 14 15 18 20 27 | 27.0
Maces & Flails | 2 3 4 7 8 10 11 12 13 16 | 16.0
Invocations    | 1 4 6 7 8 |  8.0
Armour         | 1 3 6 8 10 12 14 15 16 18 23 | 23.4
Dodging        | 3 5 9 10 | 10.0
Throwing       | 5 11 12 13 14 15 16 | 16.0
Shields        | 4 10 14 15 | 15.0
Axes           | 9 12 15 17 | 17.9
Evocations     | 3 10 | 10.0
Stealth        | |  1.0

Action                   |  1- 3 |  4- 6 |  7- 9 | 10-12 | 13-15 | 16-18 | 19-21 | 22-24 | 25-27 || total
-------------------------+-------+-------+-------+-------+-------+-------+-------+-------+-------++-------
Melee: Short sword       |    31 |       |       |       |       |       |       |       |       ||    31
       Mace              |    55 |   157 |    16 |       |     6 |       |       |       |       ||   234
       Whip              |       |       |   167 |   421 |       |       |       |       |       ||   588
       Punch             |       |       |       |     9 |     2 |       |       |       |       ||    11
       Flail             |       |       |       |   514 |   513 |       |       |       |       ||  1027
       Great mace        |       |       |       |    82 |   357 |       |       |       |       ||   439
       Battleaxe         |       |       |       |     6 |    14 |       |       |       |       ||    20
       Unarmed           |       |       |       |       |    21 |       |       |       |       ||    21
       Demon whip        |       |       |       |       |   823 |   165 |       |       |       ||   988
       Broad axe         |       |       |       |       |       |  1136 |  1345 |  1273 |  2687 ||  6441
 Fire: Hunting sling     |     9 |   194 |    47 |    91 |   106 |   213 |   185 |       |       ||   845
Throw: Dart              |     6 |    33 |    60 |    58 |     6 |       |       |       |       ||   163
       Javelin           |       |       |       |       |     8 |       |    27 |    23 |    78 ||   136
Invok: Heroism           |       |       |     3 |    15 |    20 |    15 |    12 |    10 |    20 ||    95
       Finesse           |       |       |       |       |       |     1 |     3 |     2 |     4 ||    10
 Abil: Evoke Berserk Rag |       |       |     3 |     5 |    10 |     3 |     1 |       |       ||    22
       Evoke Flight      |       |       |       |       |       |       |       |       |     3 ||     3
       Stop Flying       |       |       |       |       |       |       |       |       |     2 ||     2
       Evoke Invisibilit |       |       |       |       |       |       |       |       |     1 ||     1
Evoke: Wand              |       |       |     3 |     3 |       |       |       |       |     2 ||     8
  Use: Scroll            |       |       |       |    16 |     7 |    19 |     9 |    11 |    27 ||    89
       Potion            |       |       |       |     1 |     1 |     2 |     1 |     1 |    22 ||    28
 Stab: Sleeping          |     1 |     4 |       |       |       |       |       |       |     2 ||     7
       Paralysed         |       |       |     4 |     4 |       |       |       |       |       ||     8
       Held in net/web   |       |       |       |     1 |       |       |       |       |       ||     1
       Distracted        |       |       |       |       |       |       |       |     1 |     1 ||     2
  Eat: Chunk             |       |    11 |    11 |    22 |    23 |    16 |    17 |    18 |    13 ||   131
       Ration            |       |       |       |     3 |     9 |    11 |     7 |     3 |    13 ||    46
Armor: Leather armour    |    19 |    49 |       |       |       |       |       |       |       ||    68
       Scale mail        |       |    47 |    67 |    72 |       |   128 |       |       |       ||   314
       Chain mail        |       |       |       |   349 |    29 |       |       |       |       ||   378
       Plate armour      |       |       |       |       |   669 |   286 |       |       |       ||   955
       Gold dragon scale |       |       |       |       |       |   204 |   704 |   451 |  1052 ||  2411
Dodge: Dodged            |    74 |   186 |    96 |   500 |  1100 |   447 |   254 |   325 |   719 ||  3701
Block: Buckler           |       |       |       |       |   108 |       |       |       |       ||   108
       Shield            |       |       |       |       |    38 |  1047 |   934 |   730 |  1484 ||  4233
       Reflection        |       |       |       |       |       |   111 |   170 |    69 |    46 ||   396
